Map: Kairos Junction LE

Players

Bunny

  • Race: Terran Terran
  • League: Diamond
  • Spawn Location: 11:00

Elazer - Winner!

  • Race: Zerg Zerg
  • League: Grandmaster
  • Spawn Location: 5:00

Event: HomeStory Cup XIX

VOD

Have the link to the VOD?

Description

Time

  • Played on: June 28, 2019, 10:29 a.m.
  • Length: 6:25

All games in this series

Show
View Real Time Build Order
Export as new Build Order

Bunny Terran 

Build Orders: Liberator Opening, Reaper Expand 

Get SALT Encoding   

  12  0:01  SCV  
  13  0:13  SCV  
  14  0:17  Supply Depot  
  14  0:25  SCV  
  15  0:38  SCV  
  15  0:39  Barracks  
  16  0:43  Refinery  
  16  0:50  SCV  
  17  1:02  SCV  
  18  1:15  SCV  
  19  1:26  Reaper  
  19  1:27  Orbital Command  
  20  1:39  Command Center  
  20  1:51  Supply Depot  
  20  1:52  SCV  
  21  1:57  Marine  
  22  2:04  SCV  
  22  2:06  Factory  
  23  2:10  Refinery  
  23  2:16  SCV  
  23  2:20  Barracks Reactor  
  24  2:28  SCV  
  25  2:40  SCV  
  26  2:51  Orbital Command  
  26  2:52  SCV  
  26  2:53  Starport  
  27  3:00  Hellion x2  
  27  3:04  SCV  
  27  3:05  Barracks Tech Lab  
  32  3:16  SCV x2  
  32  3:19  Liberator  
  34  3:21  Hellion x2  
  34  3:25  Supply Depot  
  38  3:28  SCV  
  38  3:29  SCV  
  38  3:31  Marine  
  41  3:41  SCV x2  
  46  3:47  Hellion x2  
  50  3:49  Supply Depot  
  50  3:53  SCV x2  
  52  4:05  SCV x2  
  52  4:09  Command Center  
  54  4:19  SCV x2  
  54  4:21  Barracks x2  
  55  4:25  Factory Reactor  
  55  4:30  Starport Reactor  
  55  4:31  SCV  
  55  4:32  SCV  
  57  4:43  SCV  
  57  4:44  Engineering Bay, SCV  
  59  4:46  Engineering Bay  
  59  4:47  Marine  
  60  4:59  Refinery x2, SCV x2  
  59  5:07  Marine  
  59  5:13  Factory Tech Lab  
  58  5:17  Marine x2  
  60  5:22  Orbital Command  
  60  5:25  Marine  
  60  5:26  Marine x2  
  59  5:30  SCV x2  
  59  5:35  Marine x2  
  57  5:43  Marine x3, Medivac x2  
  64  5:53  Marine x2  
  55  6:01  Marine x3  
Show
View Real Time Build Order
Export as new Build Order

Elazer Zerg - Winner!

Build Orders: Hatch First 

Get SALT Encoding   

  12  0:02  Drone  
  13  0:12  Overlord  
  13  0:17  Drone  
  14  0:30  Drone x2  
  16  0:48  Hatchery  
  15  0:52  Drone  
  15  0:55  Drone  
  17  0:58  Drone  
  18  1:09  Extractor  
  17  1:13  Spawning Pool  
  17  1:17  Drone  
  17  1:20  Drone  
  18  1:29  Drone  
  19  1:39  Drone  
  20  1:50  Drone  
  21  1:59  Queen  
  21  2:00  Zergling x2, Queen  
  26  2:01  Zergling x2  
  27  2:14  Hatchery  
  26  2:19  Overlord  
  26  2:21  Drone  
  27  2:25  Drone  
  27  2:41  Drone x3  
  30  2:46  Queen  
  30  2:47  Metabolic Boost  
  30  2:50  Overlord  
  32  2:54  Drone  
  32  2:56  Drone  
  34  3:00  Drone  
  34  3:04  Drone  
  36  3:11  Drone  
  36  3:12  Drone x3  
  40  3:16  Drone  
  41  3:20  Drone  
  41  3:22  Queen  
  44  3:27  Overlord  
  44  3:30  Queen  
  46  3:35  Drone  
  46  3:39  Zergling x4  
  46  3:40  Drone  
  50  3:42  Overlord  
  50  3:46  Lair  
  51  3:48  Zergling x2  
  51  3:49  Zergling x2  
  51  3:52  Zergling x2  
  53  3:55  Overlord  
  53  3:59  Queen  
  55  4:02  Overlord  
  55  4:06  Zergling x2  
  55  4:07  Zergling x4  
  57  4:14  Overlord  
  57  4:16  Zergling x8  
  61  4:21  Zergling x2  
  61  4:22  Zergling x4  
  64  4:24  Overlord  
  64  4:31  Overlord  
  64  4:34  Drone, Spore Crawler  
  64  4:36  Zergling x6  
  67  4:45  Nydus Network  
  67  4:46  Queen  
  67  4:52  Zergling x8  
  71  5:01  Zergling x10  
  71  5:06  Zergling x6  
  74  5:10  Zergling x6  
  73  5:17  Zergling x2  
  73  5:18  Zergling x6  
  75  5:22  Nydus Canal  
  75  5:25  Zergling x2  
  75  5:26  Zergling x6  
  75  5:28  Zergling x2  
  77  5:31  Zergling x2  
  75  5:35  Nydus Canal  
  75  5:39  Zergling x4, Queen  
  79  5:44  Zergling x2  
  79  5:49  Zergling x4  
  80  5:52  Nydus Canal  
  80  5:55  Zergling x8  
  83  6:02  Zergling x2  
  84  6:09  Nydus Canal  
Tags
 
Add a new tag
Caveats
  • Supply blocks, unpowered buildings, or Contaminate may cause inaccurate times.
  • Supply counts are checked every 10 seconds.